TOP OF THE 1ST |
Montreal Expos batting - Pitching for Miami Marlins : RHP Travis Small
|
Pitching: RHP Travis Small
|
|
Batting: SHB Bran Stark
|
0-0: Ball 1-0: Called Strike 1-1: Foul Ball, location: 2F 1-2: Foul Ball, location: 2F 1-2: Ball 2-2: SINGLE (Groundball, 34D, EV 103.1 MPH) (infield hit)
|
Batting: RHB Robby Juarez
|
0-0: Ball 1-0: Swinging Strike 1-1: Foul Ball, location: 2F 1-2: Foul Ball, location: 2F 1-2: Foul Ball, location: 2F 1-2: Ball 2-2: Foul Ball, location: 2F 2-2: DOUBLE (Groundball, 5L, EV 105.6 MPH) Bran Stark to third
|
Batting: RHB Mike Salmon
|
0-0: Fly out, F4 (Popup, 34S, EV 78.8 MPH)
|
Batting: RHB Hugo Bautista
|
0-0: SINGLE (Line Drive, 9LS, EV 103.8 MPH) Bran Stark scores Robby Juarez to third Runner from 3rd tries for Home, throw by RF and OUT! 9-2 Hugo Bautista to second
|
Batting: LHB Jimmy Buscemi
|
0-0: Ground out 1-3 (Groundball, 13, EV 70.0 MPH)
|
Top of the 1st over - 1 run, 3 hits, 0 errors, 1 left on base; Montreal 1 - Miami 0 |
BOTTOM OF THE 1ST |
Miami Marlins batting - Pitching for Montreal Expos : RHP Jon Turman
|
Pitching: RHP Jon Turman
|
|
Batting: RHB Jeff Garofalo
|
0-0: Called Strike 0-1: Ball 1-1: Called Strike 1-2: Foul Ball, location: 2F 1-2: Strikes out swinging
|
Batting: RHB Micah Christopher
|
0-0: Foul Ball, location: 2F 0-1: Called Strike 0-2: DOUBLE (Line Drive, 78D, EV 108.8 MPH)
|
Batting: LHB Andre Gorter
|
0-0: Ball 1-0: SINGLE (Line Drive, 34, EV 98.8 MPH) Micah Christopher to third
|
Batting: RHB Steve Barnard
|
0-0: DOUBLE (Line Drive, 7LS, EV 111.3 MPH) Micah Christopher scores Andre Gorter to third Runner from 3rd tries for Home, SAFE, no throw by LF
|
Batting: RHB Mark Barger
|
0-0: Ball 1-0: Swinging Strike 1-1: Ball 2-1: Foul Ball, location: 2F 2-2: Fly out, F4 (Popup, 3S, EV 81.3 MPH)
|
Batting: RHB Roger Salazar
|
0-0: Foul Ball, location: 2F 0-1: Ground out 6-3 (Groundball, 6, EV 83.8 MPH)
|
Bottom of the 1st over - 2 runs, 3 hits, 0 errors, 1 left on base; Montreal 1 - Miami 2 |
TOP OF THE 2ND |
Montreal Expos batting - Pitching for Miami Marlins : RHP Travis Small
|
Batting: SHB Pete Barutha
|
0-0: Fly out, F8 (Flyball, 8RM, EV 93.8 MPH)
|
Batting: LHB Steve Anderson
|
0-0: Ball 1-0: Called Strike 1-1: Ball 2-1: Swinging Strike 2-2: Ball 3-2: Strikes out looking
|
Batting: RHB John Ham
|
0-0: Called Strike 0-1: Ball 1-1: Ball 2-1: Called Strike 2-2: Strikes out swinging
|
Top of the 2nd over - 0 runs, 0 hits, 0 errors, 0 left on base; Montreal 1 - Miami 2 |
BOTTOM OF THE 2ND |
Miami Marlins batting - Pitching for Montreal Expos : RHP Jon Turman
|
Batting: RHB Justin Huff
|
0-0: Called Strike 0-1: Fly out, F4 (Line Drive, 4, EV 72.5 MPH)
|
Batting: RHB Seth Tramontano
|
0-0: Ground out 5-3 (Groundball, 56, EV 103.8 MPH)
|
Batting: LHB Luis Aguilar
|
0-0: Called Strike 0-1: DOUBLE (Line Drive, 9LM, EV 88.1 MPH)
|
Batting: RHB Jeff Garofalo
|
0-0: SINGLE (Flyball, 8LS, EV 99.4 MPH) Luis Aguilar to third Runner from 3rd tries for Home, SAFE, throw by CF to home
|
Batting: RHB Micah Christopher
|
0-0: Ball 1-0: Called Strike 1-1: Foul Ball, location: 2F 1-2: Strikes out swinging
|
Bottom of the 2nd over - 1 run, 2 hits, 0 errors, 1 left on base; Montreal 1 - Miami 3 |
TOP OF THE 3RD |
Montreal Expos batting - Pitching for Miami Marlins : RHP Travis Small
|
Batting: RHB Nick Sharp
|
0-0: Swinging Strike 0-1: Ball 1-1: Foul Ball, location: 2F 1-2: Foul Ball, location: 2F 1-2: Strikes out looking
|
Batting: SHB Bran Stark
|
0-0: Ground out 6-3 (Groundball, 6, EV 103.1 MPH)
|
Batting: RHB Robby Juarez
|
0-0: Called Strike 0-1: Fly out, F6 (Flyball, 6D, EV 88.8 MPH)
|
Top of the 3rd over - 0 runs, 0 hits, 0 errors, 0 left on base; Montreal 1 - Miami 3 |
BOTTOM OF THE 3RD |
Miami Marlins batting - Pitching for Montreal Expos : RHP Jon Turman
|
Batting: LHB Andre Gorter
|
0-0: Called Strike 0-1: Ball 1-1: Foul Ball, location: 2F 1-2: Ball 2-2: Fly out, F5 (Line Drive, 5, EV 65.6 MPH)
|
Batting: RHB Steve Barnard
|
0-0: Ball 1-0: Ball 2-0: Ground out 6-3 (Groundball, P, EV 76.3 MPH)
|
Batting: RHB Mark Barger
|
0-0: Ball 1-0: Called Strike 1-1: Foul Ball, location: 2F 1-2: Fly out, F9 (Flyball, 9S, EV 83.8 MPH)
|
Bottom of the 3rd over - 0 runs, 0 hits, 0 errors, 0 left on base; Montreal 1 - Miami 3 |
TOP OF THE 4TH |
Montreal Expos batting - Pitching for Miami Marlins : RHP Travis Small
|
Batting: RHB Mike Salmon
|
0-0: Called Strike 0-1: Ball 1-1: Foul Ball, location: 2F 1-2: Fly out, F8 (Flyball, 8LM, EV 90.0 MPH)
|
Batting: RHB Hugo Bautista
|
0-0: Called Strike 0-1: Ground out 5-3 (Groundball, 5, EV 91.3 MPH)
|
Batting: LHB Jimmy Buscemi
|
0-0: Foul Ball, location: 2F 0-1: Foul Ball, location: 2F 0-2: Fly out, F8 (Flyball, 8LM, EV 93.1 MPH)
|
Top of the 4th over - 0 runs, 0 hits, 0 errors, 0 left on base; Montreal 1 - Miami 3 |
BOTTOM OF THE 4TH |
Miami Marlins batting - Pitching for Montreal Expos : RHP Jon Turman
|
Batting: RHB Roger Salazar
|
0-0: Foul Ball, location: 2F 0-1: Called Strike 0-2: Ball 1-2: Foul Ball, location: 2F 1-2: Strikes out looking
|
Batting: RHB Justin Huff
|
0-0: Foul Ball, location: 2F 0-1: Ground out 5-3 (Groundball, 56S, EV 66.3 MPH)
|
Batting: RHB Seth Tramontano
|
0-0: Called Strike 0-1: Ball 1-1: Swinging Strike 1-2: Ground out 6-3 (Groundball, 6D, EV 81.3 MPH)
|
Bottom of the 4th over - 0 runs, 0 hits, 0 errors, 0 left on base; Montreal 1 - Miami 3 |
TOP OF THE 5TH |
Montreal Expos batting - Pitching for Miami Marlins : RHP Travis Small
|
Batting: SHB Pete Barutha
|
0-0: Called Strike 0-1: Fly out, F9 (Flyball, 9, EV 93.1 MPH)
|
Batting: LHB Steve Anderson
|
0-0: Ball 1-0: Ball 2-0: Fly out, F6 (Flyball, 6D, EV 95.0 MPH)
|
Batting: RHB John Ham
|
0-0: Ball 1-0: Called Strike 1-1: Ball 2-1: Ball 3-1: Called Strike 3-2: SINGLE (Line Drive, 89S, EV 105.0 MPH)
|
Batting: RHB Nick Sharp
|
0-0: Called Strike John Ham is caught stealing 2nd base 2-4
|
Top of the 5th over - 0 runs, 1 hit, 0 errors, 0 left on base; Montreal 1 - Miami 3 |
BOTTOM OF THE 5TH |
Miami Marlins batting - Pitching for Montreal Expos : RHP Jon Turman
|
Batting: LHB Luis Aguilar
|
0-0: Fly out, F3 (Flyball, 3D, EV 86.9 MPH)
|
Batting: RHB Jeff Garofalo
|
0-0: Foul Ball, location: 2F 0-1: Ground out 6-3 (Groundball, 56, EV 79.4 MPH)
|
Batting: RHB Micah Christopher
|
0-0: Foul Ball, location: 2F 0-1: Ball 1-1: Ground out 4-3 (Groundball, 4, EV 85.6 MPH)
|
Bottom of the 5th over - 0 runs, 0 hits, 0 errors, 0 left on base; Montreal 1 - Miami 3 |
TOP OF THE 6TH |
Montreal Expos batting - Pitching for Miami Marlins : RHP Travis Small
|
Batting: RHB Nick Sharp
|
0-0: Called Strike 0-1: Swinging Strike 0-2: Ball 1-2: Foul Ball, location: 2F 1-2: Strikes out swinging
|
Batting: SHB Bran Stark
|
0-0: Ball 1-0: Fly out, F5 (Line Drive, 5, EV 65.6 MPH)
|
Batting: RHB Robby Juarez
|
0-0: Fly out, F7 (Line Drive, 7, EV 89.4 MPH)
|
Top of the 6th over - 0 runs, 0 hits, 0 errors, 0 left on base; Montreal 1 - Miami 3 |
BOTTOM OF THE 6TH |
Miami Marlins batting - Pitching for Montreal Expos : RHP Jon Turman
|
Batting: LHB Andre Gorter
|
0-0: Ball 1-0: Called Strike 1-1: Ground out 1-3 (Groundball, 34S, EV 73.8 MPH)
|
Batting: RHB Steve Barnard
|
0-0: Foul Ball, location: 2F 0-1: Ball 1-1: Foul Ball, location: 2F 1-2: Strikes out swinging
|
Batting: RHB Mark Barger
|
0-0: Ball 1-0: Ball 2-0: Ball 3-0: SINGLE (Groundball, 6D, EV 98.1 MPH)
|
Batting: RHB Roger Salazar
|
0-0: Called Strike 0-1: Foul Ball, location: 2F 0-2: SINGLE (Flyball, 6D, EV 87.5 MPH) Mark Barger to second Runner from 2nd tries for 3rd, SAFE, throw by LF made to third
|
Batting: RHB Justin Huff
|
0-0: Ball 1-0: Called Strike 1-1: Swinging Strike 1-2: Strikes out swinging
|
Bottom of the 6th over - 0 runs, 2 hits, 0 errors, 2 left on base; Montreal 1 - Miami 3 |
TOP OF THE 7TH |
Montreal Expos batting - Pitching for Miami Marlins : RHP Travis Small
|
Batting: RHB Mike Salmon
|
0-0: Swinging Strike 0-1: Ball 1-1: Ball 2-1: Ground out 6-3 (Groundball, 6, EV 88.8 MPH)
|
Batting: RHB Hugo Bautista
|
0-0: Fly out, F7 (Flyball, 7, EV 81.3 MPH)
|
Batting: LHB Jimmy Buscemi
|
0-0: Foul Ball, location: 2F 0-1: Ball 1-1: Ball 2-1: Ball 3-1: Base on Balls
|
Batting: SHB Pete Barutha
|
0-0: Ball 1-0: Ball 2-0: SINGLE (Line Drive, 89S, EV 110.6 MPH) Jimmy Buscemi to second
|
Pinch Runner at 2nd Wen-hua Lei:
|
|
Batting: LHB Steve Anderson
|
0-0: Fly out, F7 (Flyball, 7S, EV 85.0 MPH)
|
Top of the 7th over - 0 runs, 1 hit, 0 errors, 2 left on base; Montreal 1 - Miami 3 |
BOTTOM OF THE 7TH |
Miami Marlins batting - Pitching for Montreal Expos : RHP Jon Turman
|
Now at 1B: Jared McClernon
|
|
Batting: RHB Seth Tramontano
|
0-0: Ball 1-0: Swinging Strike 1-1: Ball 2-1: Called Strike 2-2: Fly out, F7 (Flyball, 78M, EV 93.8 MPH)
|
Batting: LHB Luis Aguilar
|
0-0: Ground out 4-3 (Groundball, 4D, EV 98.1 MPH)
|
Batting: RHB Jeff Garofalo
|
0-0: Ball 1-0: Ball 2-0: Fly out, F8 (Line Drive, 8LD, EV 86.3 MPH)
|
Bottom of the 7th over - 0 runs, 0 hits, 0 errors, 0 left on base; Montreal 1 - Miami 3 |
TOP OF THE 8TH |
Montreal Expos batting - Pitching for Miami Marlins : RHP Travis Small
|
Batting: RHB John Ham
|
0-0: Ball 1-0: Ball 2-0: Fly out, F8 (Flyball, 8LS, EV 83.8 MPH)
|
Batting: RHB Nick Sharp
|
0-0: Called Strike 0-1: Foul Ball, location: 2F 0-2: Ball 1-2: SINGLE (Groundball, 6D, EV 96.9 MPH)
|
Batting: SHB Bran Stark
|
0-0: Ball 1-0: Ball 2-0: Called Strike 2-1: Ball 3-1: Base on Balls Nick Sharp to second
|
Batting: RHB Robby Juarez
|
0-0: Ball 1-0: Ball 2-0: Ball 3-0: Called Strike 3-1: Called Strike 3-2: Fielders Choice at 2nd, 3-6 (Groundball, 34, EV 99.4 MPH) Nick Sharp to third
|
Batting: RHB Mike Salmon
|
0-0: SINGLE (Groundball, 6D, EV 100.6 MPH) Nick Sharp scores Robby Juarez to second
|
Batting: RHB Hugo Bautista
|
0-0: Called Strike 0-1: Fly out, F8 (Flyball, 89M, EV 87.5 MPH)
|
Top of the 8th over - 1 run, 2 hits, 0 errors, 2 left on base; Montreal 2 - Miami 3 |
BOTTOM OF THE 8TH |
Miami Marlins batting - Pitching for Montreal Expos : RHP Jon Turman
|
Batting: RHB Micah Christopher
|
0-0: Swinging Strike 0-1: Fly out, F7 (Flyball, 7D, EV 91.3 MPH)
|
Batting: LHB Andre Gorter
|
0-0: Ball 1-0: Ball 2-0: Foul Ball, location: 2F 2-1: Fly out, F7 (Flyball, 7LD, EV 102.5 MPH)
|
Batting: RHB Steve Barnard
|
0-0: Swinging Strike 0-1: Ball 1-1: Fly out, F8 (Flyball, 8RM, EV 91.9 MPH)
|
Bottom of the 8th over - 0 runs, 0 hits, 0 errors, 0 left on base; Montreal 2 - Miami 3 |
TOP OF THE 9TH |
Montreal Expos batting - Pitching for Miami Marlins : RHP Travis Small
|
Pitching: RHP Ian Newman
|
|
Batting: RHB Jared McClernon
|
0-0: Fly out, F8 (Flyball, 78M, EV 89.4 MPH)
|
Batting: SHB Pete Barutha
|
0-0: Called Strike 0-1: SINGLE (Groundball, 34D, EV 105.6 MPH)
|
Batting: LHB Steve Anderson
|
0-0: Called Strike Pete Barutha steals 2nd base 0-1: Ball 1-1: Ball 2-1: Foul Ball, location: 2F 2-2: SINGLE (Groundball, 34D, EV 95.6 MPH) Pete Barutha to third Runner from 3rd tries for Home, SAFE, throw by RF to home Steve Anderson to second
|
Pinch Hitting: LHB Tommy Luce
|
0-0: Intentional Walk
|
Batting: RHB Nick Sharp
|
0-0: Ball 1-0: Called Strike 1-1: SINGLE (Groundball, P, EV 96.9 MPH) Steve Anderson to third Tommy Luce to second Runner from 3rd tries for Home, SAFE, throw by CF to home
|
Batting: SHB Bran Stark
|
0-0: Grounds into double play, 6-4-3 (Groundball, 6, EV 85.0 MPH)
|
Top of the 9th over - 2 runs, 3 hits, 0 errors, 1 left on base; Montreal 4 - Miami 3 |
BOTTOM OF THE 9TH |
Miami Marlins batting - Pitching for Montreal Expos : RHP Jon Turman
|
Pitching: RHP Elliott Payne
|
|
Now at 3B: Martin Chavez
|
|
Now in LF: Tommy Luce
|
|
Batting: RHB Mark Barger
|
0-0: Called Strike 0-1: Ground out 6-3 (Groundball, 6, EV 104.4 MPH)
|
Batting: RHB Roger Salazar
|
0-0: Foul Ball, location: 2F 0-1: Ball 1-1: Foul Ball, location: 2F 1-2: Ball 2-2: Foul Ball, location: 2F 2-2: Strikes out swinging
|
Batting: RHB Justin Huff
|
0-0: Ball 1-0: Foul Ball, location: 2F 1-1: Swinging Strike 1-2: Ball 2-2: Fly out, F2 (Popup, 2LF, EV 92.5 MPH)
|
Bottom of the 9th over - 0 runs, 0 hits, 0 errors, 0 left on base; Montreal 4 - Miami 3 |
|